 Dungeon Crawl Stone Soup version 0.32-a0-666-ge8a88695a4 (webtiles) character file.

Game seed: 14906370947608131513

39 ASSMAN the Covert (level 3, 0/28 HPs)
             Began as a Vampire Delver on Mar 9, 2024.
             Slain by a sleepcap (2 damage)
             ... on level 5 of the Dungeon.
             The game lasted 00:00:41 (60 turns).

ASSMAN the Covert (Vampire Delver)                    Turns: 60, Time: 00:00:41

Health: 0/28       AC:  3    Str: 11    XL:     3   Next: 28%
Magic:  3/3        EV: 12    Int: 12    God:
Gold:   0          SH:  0    Dex: 17    Spells: 2/2 levels left

rFire   . . .        a - +0 short sword
rCold   . . .        (no shield)
rNeg    . . .        b - +0 leather armour
rPois   .            (no helmet)
rElec   .            (no cloak)
rCorr   .            (no gloves)
SInv    +            (no boots)
Will    .....        (no amulet)
Stlth   ++++         (no ring)
HPRegen 0.44/turn    (no ring)
MPRegen 0.08/turn

%: no passive effects
@: healing quickly
A: alive, fangs 3, see invisible, vampiric 2
a: Exsanguinate


You were on level 5 of the Dungeon.
You visited 1 branch of the dungeon, and saw 1 of its levels.

Inventory:

Hand Weapons
 a - a +0 short sword (weapon)
Armour
 b - a +0 leather armour (worn)
Wands
 g - a wand of digging (3)
Scrolls
 c - a scroll of fog
 d - a scroll of revelation
 e - a scroll of fear
 h - a scroll of teleportation {unknown}
Potions
 f - a potion of haste


   Skills:
 - Level 2.6 Fighting
 - Level 2.1 Short Blades
 - Level 2.1 Dodging
 + Level 8.9 Stealth


You had 2 spell levels left.
You didn't know any spells.
Your spell library was empty.

Dungeon Overview and Level Annotations

Branches:
Dungeon (5/15)
 Temple: D:4-7

Altars:

Annotations:
D:5 1 runed translucent door, sleeves's ghost, weakling AtDe


Innate Abilities, Weirdness & Mutations

Your natural rate of healing is accelerated.
You have razor-sharp teeth.
You have supernaturally acute eyesight. (SInv)
You are afflicted with vampirism and can become a bat while bloodless.


Message History

The quokka is moderately wounded.
The quokka bites you.
You hit the quokka.
The quokka is almost dead.
The quokka bites you but does no damage.
You hit the quokka.
You kill the quokka!
You see here a howler monkey corpse.
You enter a dispersal trap!
You blink.
A white imp comes into view.
The white imp shouts, "Flee, thou pecksniffian lifeless boar-pig!"
You hit the sleepcap.
The sleepcap is lightly damaged.
The sleepcap releases spores at you but does no damage.
An orc comes into view. It is wielding a +0 hand axe.
The orc shouts!
You hit the sleepcap but do no damage.
The sleepcap is lightly damaged.
The sleepcap releases spores at you.
You are engulfed in a cloud of soporific spores!
You fall asleep.
The sleepcap releases spores at you!
You wake up.
Ouch! That really hurt!
* * * LOW HITPOINT WARNING * * *
You are engulfed in a cloud of soporific spores!
You are unaffected.
A bombardier beetle comes into view.
The sleepcap attacks as it pursues you! The sleepcap barely misses you.
The sleepcap attacks as it pursues you! The sleepcap releases spores at you.
* * * LOW HITPOINT WARNING * * *
The sleepcap attacks as it pursues you! The sleepcap barely misses you.
You see here a howler monkey corpse.
You enter a dispersal trap!
The sleepcap blinks!
The white imp blinks!
The sleepcap blinks!
You blink.
The sleepcap enters a dispersal trap!
You blink.
The white imp gestures at you. The puff of frost hits you.
* * * LOW HITPOINT WARNING * * *
The sleepcap attacks as it pursues you! The sleepcap releases spores at you.
You die...

#.
#.#.........#
#
#f#.........#
#.#......>..#
##
##.#.........#
#..
..#......++##
#...#.#..5...#
#..........###
#..###.###f###
# #ยง# #@..#
#+# #.#.#
..#.# ##.# #
#.# #.# ...
##.


You could see a sleepcap and a white imp.

Vanquished Creatures
  A howler monkey (D:5)
  A quokka (D:5)
2 creatures vanquished.

Notes
Turn   | Place    | Note
-------+----------+-------------------------------------------
     0 | D:5      | ASSMAN the Vampire Delver began the quest for the Orb.
     0 | D:5      | Reached XP level 1. HP: 17/17 MP: 1/1
     0 | D:5      | Found a runed translucent door.
     1 | D:5      | Noticed sleeves's ghost (weakling AtDe)
    14 | D:5      | Noticed a howler monkey
    16 | D:5      | Noticed a sleepcap
    31 | D:5      | Killed a howler monkey
    32 | D:5      | Reached skill level 8 in Stealth
    32 | D:5      | Reached XP level 2. HP: 21/23 MP: 2/2
    32 | D:5      | Gained mutation: You are afflicted with vampirism and can
                  | become a bat while bloodless. [Vampire growth]
    32 | D:5      | Reached XP level 3. HP: 26/28 MP: 3/3
    58 | D:5      | HP: 1/28 [white imp/puff of frost (5)]
    60 | D:5      | Slain by a sleepcap

Illustrated notes

Levels and vault maps discovered:
D:5:      layout_basic, lemuel_doored_altar, elyvilon_altar_1,
          gammafunk_ghost_grave, minivault_26

Skill      XL: |  1 |
---------------+----+-----
Stealth        | 8 |  8.9
Fighting       | |  2.6
Short Blades   | |  2.1
Dodging        | |  2.1

Action                     || total
---------------------------++-------
  Melee: Short sword       ||    15
         Bite              ||     2
 Armour: Leather armour    ||    13
  Dodge: Dodged            ||     7

Table legend: (Time is in decaauts)
 A = Elapsed time spent in this place.
 B = Non-inter-level travel time spent in this place.
 C = Inter-level travel time spent in this place.
 D = Time resting spent in this place.
 E = Time spent auto-exploring this place.
 F = Levels seen in this place.
 G = Mean time per level.
                   A        B        C        D        E       F      G
               +--------+--------+--------+--------+--------+-----+--------+
         Total |     58 |     58 |      0 |      0 |     11 |   1 |   58.0 |
       Dungeon |     58 |     58 |      0 |      0 |     11 |   1 |   58.0 |
               +--------+--------+--------+--------+--------+-----+--------+

Top non-repeatable levels by time:
     D:5: 58 daAuts
